 Dungeon Crawl Stone Soup version 0.25-a0-614-g73ad250 (webtiles) character file.

Game seed: 892700917251624598, levelgen mode: deterministic

284 Faca the Skirmisher (level 6, 0/51 HPs)
             Began as a Human Fighter on Mar 17, 2020.
             Slain by an adder (1 damage)
             ... on level 3 of the Dungeon.
             The game lasted 00:05:10 (2027 turns).

Faca the Skirmisher (Human Fighter)                 Turns: 2027, Time: 00:05:11

Health: 0/51       AC:  9    Str: 18    XL:     6   Next: 55%
Magic:  6/6        EV: 10    Int:  8    God:
Gold:   190        SH:  9    Dex: 13    Spells: 5/5 levels left

rFire    . . .     SeeInvis .   i - +5 short sword
rCold    . . .     Gourm    .   c - +0 kite shield
rNeg     . . .     Faith    .   b - +0 scale mail
rPois    .         Spirit   .   a - +0 helmet
rElec    .         Reflect  .   n - +0 cloak
rCorr    .         Harm     .   (no gloves)
MR       .....                  (no boots)
Stlth    ..........             (no amulet)
HPRegen  0.17/turn              g - +3 ring of evasion
MPRegen  0.10/turn              (no ring)

@: lethally poisoned (0 -> -1)
A: no striking features
a: no special abilities


You were on level 3 of the Dungeon.
You were not hungry.

You visited 1 branch of the dungeon, and saw 3 of its levels.

You collected 190 gold pieces.

Inventory:

Hand Weapons
 i - a +5 short sword (weapon)
Missiles
 q - 8 boomerangs (quivered)
Armour
 a - a +0 helmet (worn)
 b - a +0 scale mail (worn)
 c - a +0 kite shield (worn)
 n - a +0 cloak (worn)
Jewellery
 g - a +3 ring of evasion (left hand)
Scrolls
 k - a scroll of remove curse
Potions
 d - a potion of heal wounds {unknown}
 e - 2 potions of flight {unknown}
 h - 2 potions of mutation {unknown}
 j - 2 potions of haste {unknown}
 m - a potion of degeneration {unknown}
 o - 2 potions of brilliance {unknown}
 p - a potion of invisibility {unknown}
 r - 2 potions of lignification {unknown}
 t - a potion of resistance {unknown}
Comestibles
 f - 5 rations


   Skills:
 + Level 5.3 Fighting
   Level 4.7 Long Blades
 - Level 3.0 Armour
 - Level 3.0 Shields


You had 5 spell levels left.
You didn't know any spells.
Your spell library contained the following spells:

 Spells                   Type           Power        Failure   Level  Hunger
 Animate Skeleton         Necr           N/A          100%        1    ##.....
 Apportation              Tloc           #.....       100%        1    ##.....
 Corona                   Hex            #......      100%        1    ##.....
 Summon Small Mammal      Summ           #...         100%        1    ##.....


Dungeon Overview and Level Annotations

Branches:
Dungeon (3/15)

Altars:
Sif Muna

Annotations:
D:3 Grinder


Message History

Grinder gestures at you. Pain shoots through your body!
* * * LOW HITPOINT WARNING * * *
The adder closely misses you.
You barely miss Grinder.
Grinder is heavily wounded.
You feel sick. The adder barely misses you. You block Grinder's attack.
You hit Grinder.
Grinder is severely wounded.
You block the adder's attack. Grinder hits you.
* * * LOW HITPOINT WARNING * * *
You writhe in agony.
* * * LOW HITPOINT WARNING * * *
You closely miss the adder. You block the adder's attack.
You block Grinder's attack. The adder bites you but does no damage.
You closely miss Grinder.
Grinder is severely wounded.
* * * LOW HITPOINT WARNING * * *
You feel sick. The adder bites you.
You die...

#... #.# #.. ..# #..
... ... #. #.# #.#
#.#. #.# #.# #.#. #.#
#.# #.#.###.###.####
####......†....@S.#
#.........#.#####5..#
#.# #.....#.....#...#
#.#
#......####.......
#.# #......# .......
#.# #......# .....#.
#.#
######)####.#...###
#.# #..÷)......#...#
†.# #.###........


You could see Grinder and an adder.

Vanquished Creatures
  Sigmund (D:2)
  A worker ant (D:2)
  An adder (D:2)
  A worm (D:2)
  3 dart slugs
  6 leopard geckos
  2 orcs
  6 giant cockroaches
  6 goblins (D:1)
  6 hobgoblins
  8 jackals (D:1)
  6 kobolds
  2 quokkas (D:2)
  14 bats
  6 frilled lizards
  3 rats (D:1)
72 creatures vanquished.

Notes
Turn   | Place    | Note
-------+----------+-------------------------------------------
     0 | D:1      | Faca the Human Fighter began the quest for the Orb.
     0 | D:1      | Reached XP level 1. HP: 18/18 MP: 1/1
   189 | D:1      | Reached XP level 2. HP: 24/24 MP: 2/2
   304 | D:1      | Reached XP level 3. HP: 27/29 MP: 3/3
   889 | D:2      | Reached XP level 4. HP: 37/37 MP: 4/4
   957 | D:2      | Reached skill level 4 in Fighting
  1209 | D:2      | Reached XP level 5. HP: 25/42 MP: 5/5
  1558 | D:2      | Found a shimmering blue altar of Sif Muna.
  1599 | D:2      | Noticed Sigmund
  1608 | D:2      | Killed Sigmund
  1608 | D:2      | Reached skill level 5 in Fighting
  1608 | D:2      | Reached XP level 6. HP: 51/51 MP: 6/6
  2000 | D:3      | Noticed Grinder
  2006 | D:3      | Paralysed by Grinder for 3 turns
  2025 | D:3      | HP: 2/51 [Grinder (3)]
  2027 | D:3      | Slain by an adder

Levels and vault maps discovered:
D:1:      eino_arrival_water_cross, layout_basic, minmay_unequal
D:2:      minmay_chambers_of_ones, layout_loops_corners, lemuel_doored_altar,
          minivault_24, uniq_sigmund
D:3:      layout_loops_ring, first_ration, gup_sewer_entry_bowl,
          chequers_serial_rivers_room_b, uniq_grinder

Skill      XL: |  1  2  3  4  5 |
---------------+----------------+-----
Long Blades    | 3 4 |  4.7
Fighting       | 4 5 |  5.3
Armour         | |  3.0
Shields        | |  3.0

Action                   |  1- 3 |  4- 6 || total
-------------------------+-------+-------++-------
Melee: Short sword       |    88 |   122 ||   210
       Long sword        |     5 |       ||     5
  Use: Scroll            |     2 |     2 ||     4
       Potion            |       |     5 ||     5
  Eat: Chunk             |       |     4 ||     4
Armor: Scale mail        |    62 |    36 ||    98
Dodge: Dodged            |    76 |    50 ||   126
Block: Kite shield       |    63 |    60 ||   123

Table legend:
 A = Non-vault XP
 B = Vault XP
 C = Vault XP percentage of total XP
 D = Non-vault monster count
 E = Vault monster count
 F = Vault count percentage of total count
                 A         B        C        D         E       F
            +---------+---------+-------+---------+---------+-------
      Total |     165 |     242 |  59.5 |      64 |       8 |  11.1
            +---------+---------+-------+---------+---------+-------
        D:1 |      60 |       4 |   6.2 |      33 |       2 |   5.7
        D:2 |      86 |     238 |  73.5 |      20 |       6 |  23.1
        D:3 |      19 |       0 |   0.0 |      11 |       0 |   0.0
            +---------+---------+-------+---------+---------+-------
